 Dungeon Crawl Stone Soup version 0.24.0-125-gc4c63601f3 (webtiles) character file.

Game seed: 3065126401402966751, levelgen mode: deterministic

227 ANON1729 the Sneak (level 6, 0/36 HPs)
             Began as an Octopode Earth Elementalist on Feb 23, 2020.
             Slain by a gnoll
             ... wielding a +0 spear
              (2 damage)
             ... on level 3 of the Dungeon.
             The game lasted 00:08:29 (4702 turns).

ANON1729 the Sneak (Octopode Earth Elementalist)    Turns: 4702, Time: 00:08:29

Health: 0/36       AC:  1    Str:  7    XL:     6   Next: 2%
Magic:  7/10       EV: 14    Int: 19    God:
Gold:   242        SH:  0    Dex: 13    Spells: 4/11 levels left

rFire    . . .     SeeInvis .   n - +4 dagger (chaos)
rCold    . . .     Gourm    .   (no shield)
rNeg     . . .     Faith    .   (helmet restricted)
rPois    .         Spirit   .   (no amulet)
rElec    .         Reflect  .   (no ring)
rCorr    .         Harm     .   (no ring)
MR       .....                  (no ring)
Stlth    ++++......             (no ring)
HPRegen  0.12/turn              (no ring)
MPRegen  0.12/turn              (no ring)
                                (no ring)
                                (no ring)

@: very slightly contaminated
A: almost no armour, stealthy swim, amphibious, 8 rings, constrict 8, camouflage
1, gelatinous body 1
a: no special abilities


You were on level 3 of the Dungeon.
You were not hungry.

You visited 1 branch of the dungeon, and saw 3 of its levels.

You collected 242 gold pieces.

Inventory:

Hand Weapons
 d - a +0 dagger
 m - a +2 spear of chaos
 n - a +4 dagger of chaos (weapon)
Missiles
 b - 135 stones
 l - 7 poisoned darts (quivered)
Armour
 e - a +0 large shield
Wands
 s - a wand of enslavement (5)
Scrolls
 a - 2 scrolls of identify
 f - a scroll of amnesia
 g - a scroll of magic mapping
 h - 2 scrolls of fear {unknown}
 i - 2 scrolls of teleportation {unknown}
 j - 2 scrolls of remove curse {unknown}
 k - a scroll of blinking {unknown}
 o - a scroll of fog {unknown}
 p - a scroll of random uselessness {unknown}
Potions
 q - a potion of curing {unknown}
Comestibles
 c - 6 rations
 r - a chunk of flesh


   Skills:
 + Level 0.1 Fighting
 + Level 0.1 Short Blades
 + Level 3.2 Dodging
 + Level 4.5 Stealth
 * Level 3.0 Spellcasting
 + Level 2.4 Transmutations
 * Level 3.9 Earth Magic


You had 4 spell levels left.
You knew the following spells:

 Your Spells              Type           Power        Failure   Level  Hunger
a - Sandblast             Erth           ###...       3%          1    None
b - Passwall              Tmut/Erth      ##......     6%          2    ##.....
c - Petrify               Tmut/Erth      ##......     38%         4    ####...

Your spell library contained the following spells:

 Spells                   Type           Power        Failure   Level  Hunger
 Stone Arrow              Conj/Erth      ##....       21%         3    ###....
 Lee's Rapid Deconstruct  Erth           ###.......   63%         5    ######.


Dungeon Overview and Level Annotations

Branches:
Dungeon (3/15)

Altars:
Ashenzari
Xom

Annotations:
D:3 Grinder


Innate Abilities, Weirdness & Mutations

You cannot wear most types of armour.
You are very stealthy in the water. (Stealth+)
You are amphibious.
You can wear up to eight rings at the same time.
You can use your tentacles to constrict eight enemies at once.
Your skin changes colour to match your surroundings (Stealth+).
Your rubbery body absorbs attacks. (AC +1, EV +1)


Message History

Confirm with . or Enter, or press ? or * to list all spells.
Aiming: Sandblast (safe; 3% risk of failure)
Press: ? - help, Shift-Dir - straight line, f/p - gnoll
Aim: a gnoll, wielding a +0 spear (heavily wounded, constricted by you)
The blast of sand hits the gnoll.
The gnoll is heavily wounded.
b - 136 stones You constrict the gnoll.
The gnoll hits you with a +0 spear.
* * * LOW HITPOINT WARNING * * *
Unknown command.
Casting: Sandblast (safe; 3% risk of failure)
Confirm with . or Enter, or press ? or * to list all spells.
Aiming: Sandblast (safe; 3% risk of failure)
Press: ? - help, Shift-Dir - straight line, f/p - gnoll
Aim: a gnoll, wielding a +0 spear (severely wounded, constricted by you)
The blast of sand hits the gnoll.
The gnoll is almost dead.
b - 135 stones You constrict the gnoll.
The gnoll hits you with a +0 spear.
You die...

#.....#................#
#.....#..###.......#####
#.....#....#.......#
#####.....#.........<..####
...........>........[.....#
..######+##...........###.#
......##.##....#........# #
......##.##.....g.....#.#
......##.##.....@.....#...
..............##......# ###
......................#
......##.##...........#
......##..#...........######
......###..................#
......'........#.##..#######
......###......#.##..#
....### #........##..#


You could see a gnoll.

Vanquished Creatures
  Jessica (D:2)
  A worker ant (D:3)
  Robin (D:2)
  2 gnolls
  6 adders
  A worm (D:2)
  2 dart slugs (D:2)
  2 leopard geckos
  9 orcs
  15 goblins
  11 hobgoblins
  4 jackals (D:2)
  9 bats
  7 frilled lizards
  2 kobolds (D:2)
  10 rats
83 creatures vanquished.

Vanquished Creatures (collateral kills)
  A bat (D:3)
1 creature vanquished.

Vanquished Creatures (others)
  5 toadstools (D:3)
5 creatures vanquished.

Grand Total: 89 creatures vanquished

Notes
Turn   | Place    | Note
-------+----------+-------------------------------------------
     0 | D:1      | ANON1729 the Octopode Earth Elementalist began the quest
                  | for the Orb.
     0 | D:1      | Reached XP level 1. HP: 11/11 MP: 3/3
   378 | D:1      | Reached skill level 3 in Stealth
   383 | D:1      | Reached XP level 2. HP: 8/17 MP: 0/5
   632 | D:1      | Learned a level 2 spell: Passwall
  1710 | D:2      | Reached XP level 3. HP: 21/21 MP: 6/6
  1832 | D:2      | You fall into a shaft and drop 1 floor!
  1833 | D:3      | Noticed Grinder
  1910 | D:2      | Noticed Jessica
  1919 | D:2      | Killed Jessica
  2007 | D:2      | Found a shimmering altar of Xom.
  2011 | D:2      | Reached XP level 4. HP: 21/27 MP: 7/7
  2032 | D:2      | Noticed Robin
  2053 | D:2      | Killed Robin
  2066 | D:2      | HP: 1/27 [hobgoblin/+0 club[Robin] (4)]
  2105 | D:2      | Reached skill level 4 in Stealth
  2105 | D:2      | Reached XP level 5. HP: 5/31 MP: 1/9
  3221 | D:3      | Noticed a phantom
  3634 | D:3      | Paralysed by Grinder for 6 turns
  3642 | D:3      | Found a shattered altar of Ashenzari.
  4391 | D:2      | Learned a level 4 spell: Petrify
  4640 | D:3      | Reached XP level 6. HP: 33/36 MP: 10/10
  4702 | D:3      | Slain by a gnoll

Levels and vault maps discovered:
D:1:      dpeg_arrival_rooms_with_view, layout_basic, minmay_tromino_i4
D:2:      layout_basic, tgw_xom, minmay_randomly_rotated_circles, uniq_jessica,
          uniq_robin
D:3:      layout_basic, nicolae_ashenzari_panopticon, first_ration,
          minmay_gold_behind_fungi, uniq_grinder

Skill      XL: |  1  2  3  4  5 |
---------------+----------------+-----
Stealth        | 3 4 |  4.5
Transmutations | 2 |  2.4
Dodging        | 3 |  3.2
Spellcasting   | 3 |  3.0
Fighting       | |  0.1
Short Blades   | |  0.1
Earth Magic    | |  3.9

Action                   |  1- 3 |  4- 6 || total
-------------------------+-------+-------++-------
Melee: Unarmed           |    18 |       ||    18
       Constrict         |    14 |    27 ||    41
       Tentacles         |     8 |     8 ||    16
       Dagger            |    45 |   111 ||   156
Throw: Dart              |     8 |     2 ||    10
 Cast: Sandblast         |     8 |    16 ||    24
Evoke: Wand              |       |     2 ||     2
  Use: Scroll            |       |     5 ||     5
       Potion            |       |     1 ||     1
 Stab: Sleeping          |     2 |     3 ||     5
       Paralysed         |       |     1 ||     1
       Distracted        |       |     1 ||     1
  Eat: Chunk             |     3 |     9 ||    12
Armor: Skin              |     5 |    11 ||    16
Dodge: Dodged            |    37 |   104 ||   141
